 Dungeon Crawl Stone Soup version 0.19-a0-1875-g4fea3da (webtiles) character file.

31 holy777 the Grave Robber (level 3, 0/24 HPs)
             Began as a Mummy Necromancer on Oct 13, 2016.
             Slain by a gnoll
             ... wielding a +0 spear of piercing
              (6 damage)
             ... on level 2 of the Dungeon.
             The game lasted 00:03:11 (1259 turns).

holy777 the Grave Robber (Mummy Necromancer)        Turns: 1259, Time: 00:03:12

Health: 0/24       AC:  2    Str: 11    XL:     3   Next: 7%
Magic:  2/6        EV: 12    Int: 15    God:
Gold:   51         SH:  0    Dex: 12    Spells: 3 memorised, 1 level left

rFire  x . .     SeeInvis .     c - +0 short sword
rCold  + . .     Gourm    .     a - +0 robe
rNeg   + + +     Faith    .     (no shield)
rPois  ∞         Spirit   .     (no helmet)
rElec  .         Dismiss  .     (no cloak)
rCorr  .         Reflect  .     (no gloves)
MR     .....     Harm     .     (no boots)
Stlth  ++........               (no amulet)
                                (no ring)
                                (no ring)

@: no status effects
A: no food or potions, fire vulnerability, cold resistance 1, negative energy
resistance 3, torment resistance, unbreathing
a: no special abilities


You were on level 2 of the Dungeon.
You were not hungry.

You visited 1 branch of the dungeon, and saw 2 of its levels.

You collected 51 gold pieces.

Inventory:

Hand Weapons
 c - a +0 short sword (weapon)
Armour
 a - a +0 robe (worn)
Books
 b - a book of Necromancy

   Spells                             Type                      Level
   a - Pain                           Necromancy                   1
   b - Animate Skeleton               Necromancy                   1
   c - Vampiric Draining              Necromancy                   3
   d - Regeneration                   Charms/Necromancy            3
   e - Animate Dead                   Necromancy                   4
   f - Control Undead                 Necromancy                   4


   Skills:
 + Level 0.1 Short Blades
 + Level 1.6 Dodging
 + Level 1.9 Stealth
 + Level 2.2 Spellcasting
 * Level 4.6 Necromancy


You had one spell level left.
You knew the following spells:

 Your Spells              Type           Power        Failure   Level  Hunger
a - Pain                  Necr           ###.         3%          1    N/A
b - Animate Skeleton      Necr           N/A          3%          1    N/A
c - Vampiric Draining     Necr           ###.......   12%         3    N/A

Dungeon Overview and Level Annotations

Branches:
Dungeon (2/15)

Altars:


Innate Abilities, Weirdness & Mutations

You do not eat or drink.
Your flesh is vulnerable to fire.
You are immune to poison.
Your flesh is cold resistant. (rC+)
You are immune to negative energy. (rN+++)
You are immune to unholy pain and torment.
You can survive without breathing.


Message History

The gnoll shouts! x2; You hear a shout! x2
Casting: Animate Skeleton
Confirm with . or Enter, or press ? or * to list all spells.
Aiming: Pain
Press: ? - help, Shift-Dir - straight line, f - gnoll
Aim: a gnoll, wielding a flail (chance to defeat MR: 80%)
The gnoll writhes in agony!
The gnoll hits you with a flail!
A kobold comes into view.
The gnoll closely misses you.
Casting: Pain
Confirm with . or Enter, or press ? or * to list all spells.
Aiming: Vampiric Draining
Press: ? - help, Shift-Dir - straight line, f/p - gnoll
Aim: a gnoll, wielding a flail (lightly wounded)
The gnoll is heavily wounded.
You feel life coursing into your body. The gnoll hits you with a flail!
Ouch! That really hurt!
* * * LOW HITPOINT WARNING * * *
The gnoll hits you from afar with a spear of piercing.
You die...

###########
#gK.g..gg.#
.$...#####.#@##
... ##.###.####
. #.# ##...#
#.. ##.#.##
###.#.#.##.+
.......<# ##
###.#####


You could see 3 gnolls and a kobold.

Vanquished Creatures
  3 bats (D:1)
  3 giant cockroaches (D:1)
  5 goblins (D:1)
  3 hobgoblins (D:1)
  4 jackals (D:1)
  5 kobolds (D:1)
  2 frilled lizards (D:1)
  2 rats (D:1)
27 creatures vanquished.

Notes
Turn   | Place    | Note
-------+----------+-------------------------------------------
     0 | D:1      | holy777 the Mummy Necromancer began the quest for the Orb.
     0 | D:1      | Reached XP level 1. HP: 13/13 MP: 3/3
    38 | D:1      | Learned a level 1 spell: Animate Skeleton
   163 | D:1      | Reached XP level 2. HP: 12/19 MP: 1/5
  1002 | D:1      | Reached XP level 3. HP: 24/24 MP: 4/6
  1196 | D:1      | Learned a level 3 spell: Vampiric Draining
  1259 | D:2      | Slain by a gnoll

Vault maps used:
D:1:      lemuel_arrival_broad_hall
D:2:      chequers_temple_overflow_minitemple, minmay_crystal_water,
          hangedman_decor_clover_reticule, st_stairs_1, uniq_iyjb

Action                   || total
-------------------------++-------
Melee: Short sword       ||    56
 Cast: Pain              ||    25
       Animate Skeleton  ||     9
       Vampiric Draining ||     1
  Use: Scroll            ||     2
 Stab: Sleeping          ||     1
Armor: Robe              ||     9
Dodge: Dodged            ||    41
